AoeStats
← MZTK | GaboxNet .i.

Arabia

509601593Analyzed
3v3 RM · 5d ago on Sep 27, 2026· 56m 47s· 6 players
Game mode
Random Map
Map size
Normal (6 player)
Population
200
Speed
Normal
Resources
Standard
Victory
Conquest
Starting age
Dark Age
Ending age
Imperial Age
RankedLock teamsTeams togetherTeam positionsShared explorationLock speedFull tech treeHidden civsTurbo modeCheats
Victory
Defeat
🇰🇷 Italians · South Korea
1190
+12
🇹🇼 Tatars · Taiwan
1160
+14
🇭🇰 Cumans · Hong Kong SAR China
1144
+14
🇲🇽 Italians · Mexico
1127
-14
🇲🇽 Franks · Mexico
1105
-13
🇲🇽 Italians · Mexico
1086
-13
Alpenhime
10:50 Feudal Age
11:26 Loom
11:33 Double-Bit Axe
12:20 Horse Collar
14:53 Fletching
15:42 Padded Archer Armor
24:05 Castle Age
22:09 Gold Mining
22:39 Scale Mail Armor
24:06 Crossbowman
24:42 Bodkin Arrow
25:29 Bow Saw
24:57 Pikeman
29:42 Stone Mining
31:38 Ballistics
31:58 Heavy Plow
32:32 Leather Archer Armor
33:24 Ballistics
34:05 Chain Mail Armor
34:35 Stone Shaft Mining
34:24 Squires
36:12 Thumb Ring
36:17 Elite Skirmisher
36:41 Treadmill Crane
41:28 Imperial Age
39:13 Town Watch
41:23 Wheelbarrow
41:28 Arbalester
42:54 Bracer
43:58 Chemistry
43:55 Plate Mail Armor
44:08 Masonry
44:34 Conscription
44:22 Arson
45:44 Ring Archer Armor
45:25 Forging
47:46 Fervor
49:17 Iron Casting
49:24 Silk Road
50:34 Two-Man Saw
50:06 Crop Rotation
55:24 Caravan
55:54 Coinage
55:34 Guilds
牙痛
10:53 Feudal Age
12:33 Wheelbarrow
11:45 Double-Bit Axe
13:25 Horse Collar
15:09 Loom
17:16 Bloodlines
16:54 Town Watch
23:35 Castle Age
24:42 Hand Cart
24:38 Bow Saw
24:29 Heavy Plow
24:22 Fletching
24:33 Padded Archer Armor
24:36 Husbandry
25:07 Bodkin Arrow
25:35 Town Patrol
30:41 Scale Barding Armor
34:30 Chain Barding Armor
34:20 Forging
37:22 Iron Casting
38:04 Silk Armor
42:53 Imperial Age
44:08 Conscription
43:11 Elite Keshik
45:16 Blast Furnace
44:51 Plate Barding Armor
45:00 Crop Rotation
45:32 Plate Barding Armor
46:59 Elite Steppe Lancer
47:52 Gold Mining
49:00 Caravan
RomeD
9:53 Feudal Age
9:32 Loom
10:26 Double-Bit Axe
17:44 Bloodlines
17:46 Scale Barding Armor
24:03 Castle Age
21:50 Town Watch
22:47 Gold Mining
25:16 Chain Barding Armor
25:11 Forging
26:14 Gold Shaft Mining
27:36 Wheelbarrow
28:54 Iron Casting
29:04 Bow Saw
38:37 Imperial Age
36:06 Stone Mining
38:21 Hand Cart
38:59 Cavalier
40:19 Plate Barding Armor
40:45 Blast Furnace
41:03 Paladin
42:54 Paladin
46:11 Light Cavalry
47:38 Hussar
53:24 Town Patrol
55:24 Two-Man Saw
56:06 Conscription
55:47 Steppe Husbandry
MZTK | GaboxNet .i.
3:25 Loom
9:57 Feudal Age
10:35 Double-Bit Axe
15:21 Fletching
24:04 Castle Age
22:48 Padded Archer Armor
22:45 Gold Mining
22:45 Horse Collar
24:08 Crossbowman
25:49 Bodkin Arrow
26:14 Bow Saw
27:12 Leather Archer Armor
28:08 Wheelbarrow
32:03 Ballistics
37:38 Imperial Age
36:13 Hand Cart
38:56 Thumb Ring
38:58 Bracer
39:29 Ring Archer Armor
39:04 Arbalester
39:52 Light Cavalry
40:59 Bloodlines
42:52 Husbandry
43:19 Stone Mining
44:01 Coinage
43:21 Hussar
44:26 Scale Barding Armor
45:07 Forging
47:15 Elite Skirmisher
50:26 Ring Archer Armor
MZTK | KAAN EEK
4:57 Loom
10:40 Feudal Age
13:36 Double-Bit Axe
19:19 Fletching
19:29 Padded Archer Armor
24:21 Castle Age
22:29 Gold Mining
24:25 Crossbowman
25:04 Bodkin Arrow
25:56 Thumb Ring
26:17 Leather Archer Armor
25:56 Pikeman
35:02 Scale Mail Armor
35:13 Forging
35:05 Horse Collar
36:55 Wheelbarrow
36:46 Chain Mail Armor
36:56 Ballistics
37:24 Bow Saw
40:32 Imperial Age
39:05 Wheelbarrow
38:17 Town Watch
40:16 Squires
42:47 Conscription
_MZTK_SIRO_
6:53 Loom
9:13 Feudal Age
11:04 Double-Bit Axe
20:48 Castle Age
18:47 Gold Mining
19:37 Scale Barding Armor
20:01 Forging
22:06 Wheelbarrow
25:55 Town Watch
27:53 Stone Mining
28:41 Gold Shaft Mining
30:54 Iron Casting
33:24 Stone Mining
36:01 Chain Barding Armor
37:40 Bow Saw
39:26 Town Patrol
40:06 Hand Cart
43:51 Imperial Age
41:34 Husbandry
44:00 Cavalier
45:33 Conscription
45:14 Chivalry
45:59 Plate Barding Armor
47:06 Blast Furnace
46:39 Paladin
Connection lost

Rejoining the realm…

Still unreachable

The connection could not be restored.

Session expired

The server has moved on; the page needs a fresh start.